 Dungeon Crawl Stone Soup version 0.20-a0-795-ga03948b (webtiles) character file.

4384 Alarkh the Carver (level 10, 0/79 HPs)
             Began as a Demonspawn Fighter on Mar 2, 2017.
             Was a High Priest of Okawaru.
             Slain by Mezriss's ghost (13 damage)
             ... on level 8 of the Dungeon.
             The game lasted 00:11:24 (9349 turns).

Alarkh the Carver (Demonspawn Fighter)              Turns: 9349, Time: 00:11:25

Health: 0/79       AC:  7    Str: 22 (24) XL:     10   Next: 13%
Magic:  19/19      EV:  9    Int: 15 (16) God:    Okawaru [*****.]
Gold:   418        SH: 11    Dex: 11 (13) Spells: 9/9 levels left

rFire    . . .     SeeInvis .   a - +0 long sword
rCold    . . .     Gourm    .   F - +0 robe "Hyvask" {rPois rN+ MP+9 Int+2} (curse)
rNeg     + . .     Faith    .   c - +1 shield
rPois    +         Spirit   .   (helmet restricted)
rElec    +         Reflect  .   x - +0 cloak
rCorr    .         Harm     .   (no gloves)
MR       .....                  (no boots)
Stlth    +.........             (no amulet)
Regen    0.3/turn               (no ring)
MPRegen  0.2/turn               I - +2 ring of intelligence

@: mighty
A: horns 1, talons 1, thin metallic scales 3, powered by pain 1, strong 1,
MP-powered wands
a: Heroism, Finesse, Renounce Religion


You were on level 8 of the Dungeon.
You worshipped Okawaru.
Okawaru was extremely pleased with you.
You were not hungry.

You visited 2 branches of the dungeon, and saw 9 of its levels.
You also visited: Sewer.

You collected 418 gold pieces.

Inventory:

Hand Weapons
 a - a +0 long sword (weapon)
 b - a +2 dagger of venom
Armour
 c - a +1 shield (worn)
 q - +0 gold dragon scales
 x - a +0 cloak (worn)
 y - a +0 scale mail
 A - a +3 leather armour
 F - the cursed +0 robe "Hyvask" (worn) {rPois rN+ MP+9 Int+2}
   (You found it on level 6 of the Dungeon)

   It affects your intelligence (+2).
   It protects you from poison.
   It protects you from negative energy.
   It affects your magic capacity (+9).
   It has a curse placed upon it.
Magical Staves
 l - an uncursed staff of earth
Jewellery
 I - a +2 ring of intelligence (left hand)
Wands
 p - a wand of scattershot (3/9)
Scrolls
 e - a scroll of identify
 g - a scroll of remove curse {unknown}
 h - a scroll of recharging {unknown}
 i - a scroll of magic mapping
 k - 3 scrolls of enchant armour
 m - a scroll of fog {unknown}
 n - 2 scrolls of teleportation
 o - a scroll of noise {unknown}
 E - a scroll of amnesia {unknown}
 G - a scroll of random uselessness {unknown}
Potions
 s - 4 potions of curing
 t - 3 potions of flight
 v - 2 potions of agility
 z - a potion of lignification
 B - a potion of heal wounds
 C - a potion of degeneration
 D - a potion of berserk rage
 H - a potion of resistance
Books
 d - a book of Battle

   Spells                             Type                      Level
   a - Infusion                       Charms                       1
   b - Shroud of Golubria             Charms/Translocation         2
   c - Song of Slaying                Charms                       2
   d - Spectral Weapon                Hexes/Charms                 3
   e - Regeneration                   Charms/Necromancy            3
Comestibles
 f - 9 bread rations
 j - 2 royal jellies
 r - 4 meat rations
 w - 6 fruits


   Skills:
 + Level 7.3 Fighting
 * Level 8.7 Long Blades
 + Level 7.0 Armour
 + Level 6.3 Shields


You had 9 spell levels left.
You didn't know any spells.

Dungeon Overview and Level Annotations

Branches:
Dungeon (8/15)             Temple (1/1) D:6
   Lair: D:8-11

Altars:
Ashenzari
Cheibriados
Dithmenos
Elyvilon
Fedhas
Gozag
Hepliaklqana
Kikubaaqudgha
Okawaru
Qazlal
Ru
Sif Muna
Trog
Uskayaw
Vehumet
Wu Jian
Xom
Yredelemnul
Zin
Lugonu

Shops:
D:3 *

Annotations:
D:8 Mezriss's ghost, novice FeMo


Innate Abilities, Weirdness & Mutations

You have a pair of small horns on your head.
You are completely covered in thin metallic scales. (AC +4, rElec)
You sometimes gain a little power by taking damage.
You have sharp toenails.
Your muscles are strong. (Str +2)
You expend magic power (3 MP) to strengthen your wands.


Message History

Mezriss's ghost barely misses you.
You barely miss Mezriss's ghost. Your kick misses Mezriss's ghost.
Your headbutt misses Mezriss's ghost. Mezriss's ghost hits you!
You block Mezriss's ghost's attack.
You miss Mezriss's ghost. Your headbutt misses Mezriss's ghost.
Mezriss's ghost hits you!
* * * LOW HITPOINT WARNING * * *
You focus on the pain.
You feel very mighty all of a sudden.
You completely miss Mezriss's ghost. Your kick misses Mezriss's ghost.
You block Mezriss's ghost's attack.
You completely miss Mezriss's ghost. Your kick misses Mezriss's ghost.
You closely miss Mezriss's ghost. Your kick misses Mezriss's ghost.
Your headbutt misses Mezriss's ghost. Mezriss's ghost hits you.
* * * LOW HITPOINT WARNING * * *
You block Mezriss's ghost's attack.
You miss Mezriss's ghost. Your kick misses Mezriss's ghost.
You completely miss Mezriss's ghost. Your kick misses Mezriss's ghost.
Your headbutt misses Mezriss's ghost. Mezriss's ghost hits you!
You die...

#........ #........
#........ #........
#........ ###########
#........ #.......).#
#)†......
#.........###.)......
#.........@W....:.....
#.........##########..
#.................... .
#...........#......##..
#...........#.........
###+#+#+#...#......##
#...#
#.#.#.#...#.......#
#...#
#.#.#.#...#.#.....#
#...#
#.#.#.#...#.#.....#


You could see Mezriss's ghost.

Vanquished Creatures
  Pikel (D:7)
  The ghost of Goblin1989 the Carver, a novice BaFi (D:6)
  Psyche (D:8)
  The ghost of George the Slasher, an amateur DsFi (D:5)
  2 hippogriffs (D:7)
  Duvessa (D:6)
  An ice beast (D:8)
  2 orc warriors
  2 phantoms
  2 ogres
  3 centaurs
  A big kobold (Sewer)
  2 bullfrogs
  Dowan (D:6)
  3 scorpions
  A water moccasin skeleton (D:6)
  3 killer bees (D:5)
  A howler monkey (D:7)
  2 crimson imps
  4 orc priests
  A bullfrog skeleton (D:8)
  3 jellies (D:5)
  6 orc wizards
  4 hounds
  3 iguanas
  3 worker ants
  3 worker ant zombies
  13 gnolls
  5 adders
  2 river rats (Sewer)
  A shadow imp (D:5)
  An ooze (D:1)
  An adder zombie (D:8)
  2 worms
  2 dart slugs
  9 leopard geckos
  25 orcs
  4 ball pythons
  10 giant cockroaches
  8 goblins
  8 hobgoblins
  15 jackals
  4 quokkas
  7 bats
  9 frilled lizards
  A jackal zombie (D:6)
  12 kobolds
  2 leopard gecko skeletons
  A leopard gecko zombie (D:7)
  7 rats
207 creatures vanquished.

Vanquished Creatures (others)
  2 slaves (D:7)
  A big kobold (D:7)
  A bullfrog skeleton (D:7)
  A worker ant (D:8)
  An adder skeleton (D:7)
  An orc (D:7)
  A hobgoblin (D:2)
  5 kobolds
  A quokka (D:7)
14 creatures vanquished.

Grand Total: 221 creatures vanquished

Notes
Turn   | Place    | Note
-------+----------+-------------------------------------------
     0 | D:1      | Alarkh the Demonspawn Fighter began the quest for the Orb.
     0 | D:1      | Reached XP level 1. HP: 18/18 MP: 1/1
   109 | D:1      | Reached skill level 2 in Long Blades
   143 | D:1      | Gained mutation: You have a pair of small horns on your head. [demonic ancestry]
   143 | D:1      | Reached XP level 2. HP: 24/24 MP: 2/2
   538 | D:2      | Reached XP level 3. HP: 29/29 MP: 3/3
  1148 | D:2      | Gained mutation: You are partially covered in thin metallic scales. (AC +2) [demonic ancestry]
  1148 | D:2      | Reached XP level 4. HP: 23/35 MP: 4/4
  1328 | D:3      | Found Zin's Purification Station.
  1329 | D:3      | Found a glowing silver altar of Zin.
  1364 | D:3      | Found a shattered altar of Ashenzari.
  1365 | D:3      | Found a radiant altar of Vehumet.
  1365 | D:3      | Found a shadowy altar of Dithmenos.
  1365 | D:3      | Found a bloodstained altar of Trog.
  1394 | D:3      | Found a blossoming altar of Fedhas.
  1394 | D:3      | Found an iron altar of Okawaru.
  1466 | D:3      | Became a worshipper of Warmaster Okawaru
  1539 | D:3      | Gained mutation: You are frail. (-10% HP) [potion of mutation]
  1539 | D:3      | Gained mutation: Your system is resistant to poisons. (rPois) [potion of mutation]
  2129 | D:3      | Lost mutation: You are frail. (-10% HP) [potion of mutation]
  2129 | D:3      | Lost mutation: Your system is resistant to poisons. (rPois) [potion of mutation]
  2129 | D:3      | Gained mutation: You expend magic power (3 MP) to strengthen your wands. [potion of mutation]
  2129 | D:3      | Gained mutation: You have sharp toenails. [potion of mutation]
  2129 | D:3      | Gained mutation: Your muscles are strong. (Str +2) [potion of mutation]
  2483 | D:4      | Reached skill level 3 in Long Blades
  2483 | D:4      | Reached XP level 5. HP: 42/42 MP: 5/5
  2583 | D:4      | Noticed a phantom
  2608 | D:4      | Killed a phantom
  2608 | D:4      | Gained mutation: You are mostly covered in thin metallic scales. (AC +3) [demonic ancestry]
  2608 | D:4      | Reached XP level 6. HP: 48/48 MP: 6/6
  2683 | D:4      | Found a snail-covered altar of Cheibriados.
  2716 | D:4      | Found a glowing drain.
  2737 | Sewer    | Entered a sewer
  2871 | Sewer    | Reached * piety under Okawaru
  2871 | Sewer    | Reached skill level 4 in Long Blades
  2965 | Sewer    | Found a glowing silver altar of Zin.
  3476 | D:4      | Gained mutation: You are completely covered in thin metallic scales. (AC +4, rElec) [demonic ancestry]
  3476 | D:4      | Reached XP level 7. HP: 53/55 MP: 7/7
  3657 | D:4      | Found a hazy altar of Hepliaklqana.
  3676 | D:4      | Reached ** piety under Okawaru
  3932 | D:5      | Entered Level 5 of the Dungeon
  3937 | D:5      | Found an opulent altar of Gozag.
  4307 | D:5      | Reached skill level 5 in Long Blades
  4528 | D:5      | Reached skill level 5 in Fighting
  4812 | D:5      | Reached XP level 8. HP: 57/62 MP: 8/8
  4883 | D:5      | Noticed George's ghost (amateur DsFi)
  5179 | D:5      | Reached skill level 5 in Armour
  5643 | D:5      | Killed George's ghost
  5643 | D:5      | Reached skill level 6 in Long Blades
  5912 | D:6      | Noticed Duvessa
  5914 | D:6      | Noticed Dowan
  5923 | D:6      | Killed Duvessa
  5927 | D:6      | Killed Dowan
  5927 | D:6      | Reached skill level 5 in Shields
  5935 | D:6      | Reached *** piety under Okawaru
  6270 | D:6      | Noticed Goblin1989's ghost (novice BaFi)
  6319 | D:6      | Killed Goblin1989's ghost
  6319 | D:6      | Reached skill level 7 in Long Blades
  6319 | D:6      | Gained mutation: You sometimes gain a little power by taking damage. [demonic ancestry]
  6319 | D:6      | Reached XP level 9. HP: 48/69 MP: 9/9
  6437 | D:6      | Got an ancient robe
  6451 | D:6      | Identified the cursed +0 robe "Hyvask" {rPois rN+ MP+9 Int+2} (You found it on level 6 of the Dungeon)
  6741 | D:6      | Found a staircase to the Ecumenical Temple.
  6755 | Temple   | Entered the Ecumenical Temple
  7238 | D:7      | Reached **** piety under Okawaru
  7247 | D:7      | HP: 3/71 [orc warrior/hand axe (2)]
  7586 | D:7      | Noticed Pikel
  7602 | D:7      | Killed Pikel
  7602 | D:7      | Reached skill level 8 in Long Blades
  7790 | D:7      | Found an ornate altar of the Wu Jian Council.
  7981 | D:7      | Found a white marble altar of Elyvilon.
  8567 | D:7      | Reached XP level 10. HP: 34/79 MP: 10/10
  8909 | D:8      | Noticed Psyche
  8915 | D:8      | Paralysed by Psyche for 6 turns
  8935 | D:8      | Killed Psyche
  8935 | D:8      | Reached ***** piety under Okawaru
  9321 | D:8      | Noticed Mezriss's ghost (novice FeMo)
  9349 | D:8      | Slain by Mezriss's ghost

Vault maps used:
D:1:      tarquinn_simple_flora_water_c
D:2:      first_bread, lemuel_old_faithful
D:3:      zin_purify, minmay_overflow_temple_hex
D:4:      kennysheep_mini, kennysheep_slug_shrine, gup_sewer_entry_pipe
D:5:      nicolae_gozag_cash_rules_everything_around_me
D:6:      temple_statues, uniq_duvessa
D:7:      overflow_temple_1_default, grunt_ogre_cave, elyvilon_altar_5,
          uniq_pikel
D:8:      nemelex_altar_shiori, lightli_temple_of_fire, uniq_psyche,
          uniq_gastronok
Temple:   corrupted_temple
Sewer:    sewer_kobolds

Skill      XL: |  1  2  3  4  5  6  7  8  9 10 |
---------------+-------------------------------+-----
Long Blades    | 2 3 4 5 7 8 |  8.7
Armour         | 3 4 6 7 |  7.0
Shields        | 3 4 5 6 |  6.3
Fighting       | 4 5 6 7 |  7.3

Action                   |  1- 3 |  4- 6 |  7- 9 | 10-12 || total
-------------------------+-------+-------+-------+-------++-------
Melee: Long sword        |    94 |   279 |   506 |    84 ||   963
       Headbutt          |    12 |    46 |   127 |    13 ||   198
       Kick              |       |    57 |   164 |    29 ||   250
       Dagger            |       |       |    21 |       ||    21
Invok: Heroism           |       |       |     2 |     1 ||     3
  Use: Potion            |       |     4 |     7 |     4 ||    15
       Scroll            |       |     3 |     3 |       ||     6
  Eat: Chunk             |     1 |     6 |    12 |     4 ||    23
       Meat ration       |       |     1 |       |       ||     1
       Fruit             |       |       |     1 |       ||     1
Armor: Scale mail        |    62 |    14 |       |       ||    76
       Gold dragon scale |       |   185 |   320 |       ||   505
       Skin              |       |       |    37 |       ||    37
       Robe              |       |       |    24 |    33 ||    57
Dodge: Dodged            |    24 |    12 |    66 |    26 ||   128
Block: Shield            |    50 |   181 |   346 |    50 ||   627
       Rpst.: Long sword |     2 |     4 |    22 |     8 ||    36
